 Dungeon Crawl Stone Soup version 0.24-a0-317-g5cb8de4 (webtiles) character file.

Game seed: 17971402725522412026

46 MisterFreud the Changer (level 3, -5/23 HPs)
             Began as an Octopode Transmuter on May 16, 2019.
             Killed by nerve-wracking pain
             ... invoked by Jessica
              (10 damage)
             ... on level 3 of the Dungeon.
             The game lasted 00:03:35 (2583 turns).

MisterFreud the Changer (Octopode Transmuter)       Turns: 2583, Time: 00:03:36

Health: -5/23      AC:  1    Str:  9    XL:     3   Next: 66%
Magic:  6/6        EV: 13    Int: 16    God:
Gold:   58         SH:  0    Dex: 12    Spells: 4/7 levels left

rFire    . . .     SeeInvis .     - Unarmed
rCold    . . .     Gourm    .   (no shield)
rNeg     . . .     Faith    .   (helmet restricted)
rPois    +         Spirit   .   (no amulet)
rElec    .         Reflect  .   f - ring of poison resistance
rCorr    .         Harm     .   (no ring)
MR       .....                  (no ring)
Stlth    ++........             (no ring)
HPRegen  0.07/turn              (no ring)
MPRegen  0.10/turn              (no ring)
                                (no ring)
                                (no ring)

@: appendage
A: almost no armour, stealthy swim, amphibious, 8 rings, constrict 8, tentacle
spike 3, camouflage 1, gelatinous body 1
a: End Transformation


You were on level 3 of the Dungeon.
You were very hungry.
One of your tentacles had a temporary spike.
You visited 1 branch of the dungeon, and saw 3 of its levels.

You collected 58 gold pieces.

Inventory:

Missiles
 a - 11 arrows
 b - 28 stones (quivered)
 e - 46 sling bullets
 j - 5 poisoned darts
Armour
 g - a cursed +0 large shield
Jewellery
 f - a ring of poison resistance (left tentacle)
Wands
 m - a wand of random effects (19)
Scrolls
 d - a scroll of enchant armour
Potions
 h - 2 potions of curing
 i - a potion of lignification {unknown}
 n - a potion of mutation {unknown}
Comestibles
 c - 5 rations


   Skills:
 - Level 1.0 Fighting
 - Level 2.0 Dodging
 - Level 3.0 Unarmed Combat
 + Level 2.6 Spellcasting
 * Level 3.4 Transmutations


You had 4 spell levels left.
You knew the following spells:

 Your Spells              Type           Power        Failure   Level  Hunger
a - Beastly Appendage     Tmut           ##....       4%          1    #......
b - Sticks to Snakes      Tmut           ##......     8%          2    ##.....

Your spell library contained the following spells:

 Spells                   Type           Power        Failure   Level  Hunger
 Spider Form              Tmut/Pois      #.........   28%         3    ###....
 Ice Form                 Ice/Tmut       #.......     67%         4    #####..
 Blade Hands              Tmut           ##........   80%         5    ######.


Dungeon Overview and Level Annotations

Branches:
Dungeon (3/15)

Altars:
Okawaru
Yredelemnul

Annotations:
D:2 1 runed translucent door, Crazy Yiuf
D:3 Jessica, Terence


Innate Abilities, Weirdness & Mutations

You cannot wear most types of armour.
You are very stealthy in the water. (Stealth+)
You are amphibious.
You can wear up to eight rings at the same time.
You can use your tentacles to constrict eight enemies at once.
Your skin changes colour to match your surroundings (Stealth+).
Your rubbery body absorbs attacks. (AC +1, EV +1)
One of your tentacles bears a large vicious spike.


Message History

The orc hits you with a +0 dagger.
You completely miss the orc. Your grab misses the orc.
The orc hits you with a +0 dagger.
You tentacle-slap the orc but do no damage.
You grab the orc. You constrict the orc. The orc hits you with a +0 dagger.
Jessica casts a spell.
Jessica seems to speed up.
Terence screams, "I'm going to kill you!"
You tentacle-slap the orc.
You pierce the orc, but do no damage.
You tentacle-slap the orc.
You kill the orc!
You tentacle-slap the rat.
You kill the rat!
Jessica hits you with a +0 club. Jessica hits you with a +0 club.
* * * LOW HITPOINT WARNING * * *
Jessica misses you. Jessica casts a spell at you.
Pain shoots through your body!
You die...

######.##.# ...........#
<..........#
.....#.......
#..#..#......#.#
#..#...#.......#####.#
#..#.#.#.......<.....#
#.............$#######
#..#.#.#.#...#@#
###..#.#...รท...#.# ###
..............##@##...#
.....###...<####@.....#
####........)@...P.P....
#######.#####.._...##
#.# #.P.P..#
##########.# #../..##
#..........# #######


You could see Terence and Jessica.

Vanquished Creatures
  An adder (D:2)
  2 dart slugs
  An orc (D:3)
  2 giant cockroaches
  4 goblins
  2 hobgoblins
  2 jackals
  3 ball pythons (D:1)
  4 bats
  4 frilled lizards
  3 kobolds (D:1)
  4 rats
32 creatures vanquished.

Notes
Turn   | Place    | Note
-------+----------+-------------------------------------------
     0 | D:1      | MisterFreud the Octopode Transmuter began the quest for the
                  | Orb.
     0 | D:1      | Reached XP level 1. HP: 13/13 MP: 3/3
   372 | D:1      | Reached XP level 2. HP: 18/18 MP: 3/5
   939 | D:1      | Learned a level 2 spell: Sticks to Snakes
  1199 | D:2      | Reached XP level 3. HP: 22/23 MP: 6/6
  1246 | D:2      | Found a runed translucent door.
  1247 | D:2      | Noticed Crazy Yiuf
  2172 | D:3      | Found a basalt altar of Yredelemnul.
  2176 | D:3      | Noticed Terence
  2221 | D:3      | Noticed Jessica
  2224 | D:3      | Found an iron altar of Okawaru.
  2583 | D:3      | Killed from afar by Jessica

Levels and vault maps discovered:
D:1:      dpeg_arrival_short_road, layout_loops_corners
D:2:      lemuel_upstairs_altar, layout_basic, uniq_crazy_yiuf_cottage
D:3:      layout_loops_ring, okawaru_ov_weapons_minmay, first_ration,
          chequers_ecumenical_altar_lobes, yredelemnul_altar_generic,
          uniq_terence, uniq_jessica, uniq_robin

Skill      XL: |  1  2 |
---------------+-------+-----
Transmutations | 3 |  3.4
Fighting       | |  1.0
Dodging        | |  2.0
Unarmed Combat | |  3.0
Spellcasting   | |  2.6

Action                   || total
-------------------------++-------
Melee: Unarmed           ||    61
       Constrict         ||    19
       Kick              ||     9
       Punch             ||     4
       Tentacles         ||     7
 Cast: Beastly Appendage ||    14
       Sticks to Snakes  ||     1
  Use: Scroll            ||     6
 Stab: Sleeping          ||     2
  Eat: Chunk             ||     4
Armor: Skin              ||     4
Dodge: Dodged            ||    46

Table legend:
 A = Non-vault XP
 B = Vault XP
 C = Vault XP percentage of total XP
 D = Non-vault monster count
 E = Vault monster count
 F = Vault count percentage of total count
                 A         B        C        D         E       F
            +---------+---------+-------+---------+---------+-------
      Total |      66 |       0 |   0.0 |      32 |       0 |   0.0
            +---------+---------+-------+---------+---------+-------
        D:1 |      23 |       0 |   0.0 |      14 |       0 |   0.0
        D:2 |      37 |       0 |   0.0 |      15 |       0 |   0.0
        D:3 |       6 |       0 |   0.0 |       3 |       0 |   0.0
            +---------+---------+-------+---------+---------+-------
